 Dungeon Crawl Stone Soup version 0.29.1-12-g30fa7ad0bf (webtiles) character file.

Game seed: 18380667085549214774

347 xian the Skirmisher (level 6, 0/36 HPs)
             Began as a Deep Elf Hunter on Dec 23, 2022.
             Slain by Edmund
             ... wielding a +4 dire flail of protection
              (14 damage)
             ... on level 4 of the Dungeon.
             The game lasted 00:05:20 (2511 turns).

xian the Skirmisher (Deep Elf Hunter)               Turns: 2511, Time: 00:05:21

Health: 0/36       AC:  8    Str: 10    XL:     6   Next: 32%
Magic:  8/8        EV: 12    Int: 20    God:
Gold:   297        SH:  0    Dex: 18    Spells: 5/5 levels left

rFire   . . .      SeeInvis .   h - +3 quarterstaff (chaos)
rCold   . . .      Faith    +   (shield currently unavailable)
rNeg    . . .      Spirit   .   c - +0 leather armour
rPois   .          Reflect  .   q - +0 helmet
rElec   .          Harm     .   i - +0 cloak
rCorr   .          Rampage  .   (no gloves)
Will    .....                   f - +2 pair of boots {Fly}
Stlth   ++........              o - amulet of faith
HPRegen 0.12/turn               k - +6 ring of intelligence
MPRegen 0.11/turn               (no ring)

@: flying
A: no striking features
a: no special abilities


You were on level 4 of the Dungeon.
You visited 1 branch of the dungeon, and saw 4 of its levels.

You collected 297 gold pieces.

Inventory:

Hand Weapons
 a - a +0 shortbow
 h - a +3 quarterstaff of chaos (weapon)
Armour
 c - a +0 leather armour (worn)
 f - a +2 pair of boots of flying (worn)
 i - a +0 cloak (worn)
 q - a +0 helmet (worn)
Jewellery
 k - a +6 ring of intelligence (left hand)
 o - an amulet of faith (around neck)
Scrolls
 b - 2 scrolls of immolation
 e - 2 scrolls of identify {unknown}
 g - a scroll of blinking {unknown}
 j - a scroll of magic mapping {unknown}
 m - 2 scrolls of fear {unknown}
 r - 2 scrolls of amnesia {unknown}
Potions
 d - 2 potions of mutation {unknown}
 l - 3 potions of degeneration {unknown}
 n - a potion of resistance {unknown}
 p - 3 potions of heal wounds {unknown}
 s - a potion of haste {unknown}


   Skills:
 + Level 2.4 Fighting
 + Level 9.1 Ranged Weapons
 + Level 1.0 Armour
 + Level 2.9 Dodging
 + Level 1.7 Stealth


You had 5 spell levels left.
You didn't know any spells.
Your spell library was empty.

Dungeon Overview and Level Annotations

Branches:
Dungeon (4/15)
 Temple: D:4-7

Altars:
Sif Muna

Annotations:
D:4 Edmund


Message History

Edmund is lightly wounded.
You shoot an arrow. The arrow closely misses Edmund.
You shoot an arrow. The arrow hits Edmund!
Edmund is moderately wounded.
You shoot an arrow.
The arrow hits Edmund but does no damage.
Edmund is moderately wounded.
Edmund says, "People will remember me!
They'll remember me and die!"
Edmund zaps a wand.
The puff of flame hits you.
You shoot an arrow. The arrow barely misses Edmund.
The arrow hits the goblin.
You kill the goblin!
Edmund attacks as you move away!
Edmund hits you with a +4 dire flail of protection!
You shoot an arrow. The arrow hits Edmund.
Edmund is moderately wounded.
Edmund hits you with a +4 dire flail of protection!
You are too injured to fight recklessly!
You are too injured to fight recklessly!
You are too injured to fight recklessly!
Fire: a) +0 shortbow
Press: ? - help, Q - select action Shift-Dir - straight line, f/p - Edmund
Aim: Edmund, wielding a +4 dire flail of protection, wearing a +0 scale mail and carrying a wand of flame (8) (moderately wounded, 69% to hit)
You shoot an arrow.
The arrow hits Edmund but does no damage.
Edmund is moderately wounded.
Edmund hits you with a +4 dire flail of protection.
Fire: a) +0 shortbow
Press: ? - help, Q - select action Shift-Dir - straight line, f/p - Edmund
Aim: Edmund, wielding a +4 dire flail of protection, wearing a +0 scale mail and carrying a wand of flame (8) (moderately wounded, 69% to hit)
You shoot an arrow. The arrow hits Edmund.
Edmund is moderately wounded.
Edmund barely misses you.
Your +3 quarterstaff of chaos is briefly surrounded by a scintillating aura of random colours.
h - a +3 quarterstaff of chaos (weapon)
Edmund closely misses you.
Unknown command.
You hit Edmund but do no damage.
Edmund seems to slow down.
Edmund is moderately wounded.
Edmund hits you with a +4 dire flail of protection!
You die...

#....# #####
#####
#....######..>..
...
#....'........#
###
#....###..#####
#....###.##
#....##..#
#....##..#
#...)##..+
##.####.@+ #.
#.@+ #..# #..#
.#)# .....
...... .....#.
.....# ..


You could see Edmund (slow).

Vanquished Creatures
  Menkaure (D:4)
  Blork the orc (D:4)
  Crazy Yiuf (D:2)
  An iguana (D:4)
  3 adders
  A white imp (D:3)
  A worm (D:2)
  2 dart slugs
  An orc (D:4)
  5 endoplasms
  2 giant cockroaches
  5 goblins
  6 hobgoblins
  2 jackals (D:1)
  12 kobolds
  A quokka (D:3)
  7 ball pythons
  3 bats
  3 frilled lizards (D:1)
  8 rats
66 creatures vanquished.

Vanquished Creatures (others)
  6 toadstools (D:4)
6 creatures vanquished.

Grand Total: 72 creatures vanquished

Notes
Turn   | Place    | Note
-------+----------+-------------------------------------------
     0 | D:1      | xian the Deep Elf Hunter began the quest for the Orb.
     0 | D:1      | Reached XP level 1. HP: 12/12 MP: 3/3
    31 | D:1      | Found a faded altar of an unknown god.
    50 | D:1      | Reached XP level 2. HP: 16/16 MP: 4/4
   106 | D:1      | Reached skill level 6 in Ranged Weapons
   293 | D:1      | You are sucked into a shaft and drop 1 floor!
   348 | D:2      | Reached XP level 3. HP: 20/20 MP: 5/5
  1005 | D:2      | Found a runed translucent door.
  1006 | D:2      | Noticed Crazy Yiuf
  1012 | D:2      | Killed Crazy Yiuf
  1013 | D:2      | Reached skill level 7 in Ranged Weapons
  1013 | D:2      | Reached XP level 4. HP: 26/26 MP: 6/6
  1666 | D:3      | Found a shimmering blue altar of Sif Muna.
  1878 | D:4      | Reached XP level 5. HP: 30/30 MP: 7/7
  1953 | D:4      | Noticed Blork the orc
  1972 | D:4      | Killed Blork the orc
  1973 | D:4      | Reached skill level 8 in Ranged Weapons
  1979 | D:4      | Noticed Menkaure
  2130 | D:4      | Killed Menkaure
  2131 | D:4      | Reached skill level 9 in Ranged Weapons
  2131 | D:4      | Reached skill level 1 in Armour
  2131 | D:4      | Reached XP level 6. HP: 6/36 MP: 8/8
  2499 | D:4      | Noticed Edmund
  2511 | D:4      | Slain by Edmund

Illustrated notes

Levels and vault maps discovered:
D:1:      minmay_arrival_nine_rooms, layout_basic,
          hellmonk_ecumenical_altar_dog_temple
D:2:      layout_basic, uniq_crazy_yiuf_cottage
D:3:      layout_loops_ring, mainiacjoe_overflow_alcove_4,
          kennysheep_generic_room_13
D:4:      cheibrodos_fertilizer, layout_basic, feat_on_display, uniq_edmund,
          uniq_menkaure, uniq_blork_the_orc

Skill      XL: |  1  2  3  4  5 |
---------------+----------------+-----
Ranged Weapons | 6 7 9 |  9.1
Fighting       | 2 |  2.4
Armour         | 1 |  1.0
Dodging        | |  2.9
Stealth        | |  1.7

Action                   |  1- 3 |  4- 6 || total
-------------------------+-------+-------++-------
Melee: Quarterstaff      |       |     1 ||     1
 Fire: Shortbow          |    94 |    88 ||   182
Armor: Leather armour    |     8 |     8 ||    16
Dodge: Dodged            |    19 |    16 ||    35
